 Dungeon Crawl Stone Soup version 0.32-a0-791-gfc315c9ecd (webtiles) character file.

Game seed: 7466802041997173914

0 Esekla the Sneak (level 1, -2/16 HPs)
             Began as an Octopode Delver on Mar 20, 2024.
             Slain by a howler monkey (5 damage)
             ... on level 5 of the Dungeon.
             The game lasted 00:02:25 (55 turns).

Esekla the Sneak (Octopode Delver)                    Turns: 55, Time: 00:02:26

Health: -2/16      AC:  1    Str: 11    XL:     1   Next: 10%
Magic:  1/1        EV: 12    Int: 12    God:
Gold:   0          SH:  0    Dex: 13    Spells: 0/0 levels left

rFire   . . .        a - +0 falchion
rCold   . . .        (no shield)
rNeg    . . .        (helmet restricted)
rPois   .            (no amulet)
rElec   .            (no ring)
rCorr   .            (no ring)
SInv    .            (no ring)
Will    .....        (no ring)
Stlth   ++++         (no ring)
HPRegen 0.22/turn    (no ring)
MPRegen 0.07/turn    (no ring)
                     (no ring)

%: no passive effects
@: no status effects
A: almost no armour, amphibious, 8 rings, camouflage 1, gelatinous body 1,
(nimble swimmer 1), tentacles
a: no special abilities


You were on level 5 of the Dungeon.
You visited 1 branch of the dungeon, and saw 1 of its levels.

Inventory:

Hand Weapons
 a - a +0 falchion (weapon)
Wands
 f - a wand of digging (2)
Scrolls
 b - a scroll of fog
 g - a scroll of identify {unknown}
Potions
 e - a potion of haste


   Skills:
 * Level 3.0 Fighting
 + Level 2.0 Long Blades
 * Level 2.0 Dodging
 + Level 6.6 Stealth


You couldn't memorise any spells.
You didn't know any spells.
Your spell library was empty.

Dungeon Overview and Level Annotations

Branches:
Dungeon (5/15)
 Temple: D:4-7

Altars:
Qazlal
Trog


Innate Abilities, Weirdness & Mutations

You cannot wear most types of armour.
You are amphibious.
You can wear up to eight rings at the same time.
Your skin changes colour to match your surroundings (Stealth+).
Your rubbery body absorbs attacks. (AC +1, EV +1)
((You are camouflaged when in or above water. (Stealth+)))
You have tentacles for arms and can constrict up to eight enemies at once.


Message History

The rat closely misses you. The rat bites you.
An orc comes into view. It is wielding a +0 hand axe.
Found a bloodstained altar of Trog.
The orc shouts!
You hear a howl!
The rat attacks as it pursues you! The rat bites you but does no damage.
There is a shaft here.
You slash the rat!
You kill the rat!
The orc hits you with a +0 hand axe.
Okay, then.
The orc hits you with a +0 hand axe.
As you read the scroll of fear, it crumbles to dust.
You assume a fearsome visage.
The quokka looks frightened!
The orc looks frightened!
The scorpion looks frightened!
The scorpion falls through a shaft!
The shaft crumbles and collapses.
Cornered, the orc turns to fight!
A howler monkey comes into view.
The howler monkey hoots and howls with incredible vigour!
You hear a shout!
The howler monkey closely misses you.
You closely miss the howler monkey. You grab the howler monkey.
You constrict the howler monkey. The howler monkey hits you.
You hit the howler monkey but do no damage.
The howler monkey is moderately wounded.
You constrict the howler monkey.
The howler monkey hoots and howls with incredible vigour!
The howler monkey barely misses you.
You hear a shout!
You hit the howler monkey.
The howler monkey is heavily wounded.
You constrict the howler monkey. The howler monkey hits you.
* * * LOW HITPOINT WARNING * * *
The orc barely misses you.
You closely miss the orc. You grab the orc. You squeeze the orc.
The orc is almost dead.
You constrict the howler monkey. You constrict the orc.
You kill the orc!
The howler monkey hits you.
You die...

##.######
*,,,,,,,***_,,
#...r..#*
*,******* ****
#†#####.# *,*
*****
#.#####+# *,*
*,*,,
#.......#**,#
*,,,,
#..._...#*,.#
****,
#......##*.#*
*,*
###..l###..#
*,* ##..)@h.#*
*,* ########
*,* *,* *,*
*,, *** ****
*,,, *,**


You could see a howler monkey (catching breath) and a frilled lizard.

Vanquished Creatures
  An orc (D:5)
  A rat (D:5)
2 creatures vanquished.

Notes
Turn   | Place    | Note
-------+----------+-------------------------------------------
     0 | D:5      | Esekla the Octopode Delver began the quest for the Orb.
     0 | D:5      | Reached XP level 1. HP: 16/16 MP: 1/1
     3 | D:5      | Noticed a scorpion
     9 | D:5      | Found a stormy altar of Qazlal.
     9 | D:5      | Noticed a sky beast
    42 | D:5      | Found a bloodstained altar of Trog.
    49 | D:5      | Noticed a howler monkey
    55 | D:5      | Slain by a howler monkey

Illustrated notes

Levels and vault maps discovered:
D:5:      layout_loops_cross, nicolae_qazlal_beasts_of_the_sky,
          regret_index_xom_buried_treasure, trog_butcher_becter

Action                     || total
---------------------------++-------
  Melee: Falchion          ||     5
         Constrict         ||     2
         Tentacles         ||     1
  Evoke: Wand              ||     1
    Use: Scroll            ||     2
 Armour: Skin              ||     8
  Dodge: Dodged            ||     4

Table legend: (Time is in decaauts)
 A = Elapsed time spent in this place.
 B = Non-inter-level travel time spent in this place.
 C = Inter-level travel time spent in this place.
 D = Time resting spent in this place.
 E = Time spent auto-exploring this place.
 F = Levels seen in this place.
 G = Mean time per level.
                   A        B        C        D        E       F      G
               +--------+--------+--------+--------+--------+-----+--------+
         Total |     55 |     55 |      0 |      0 |      0 |   1 |   55.0 |
       Dungeon |     55 |     55 |      0 |      0 |      0 |   1 |   55.0 |
               +--------+--------+--------+--------+--------+-----+--------+

Top non-repeatable levels by time:
     D:5: 55 daAuts
